 Dungeon Crawl Stone Soup version 0.26-a0-810-ge1a9524b62 (webtiles) character file.

Game seed: 4849214720897288018

231 dracfodder the Chiller (level 5, -3/39 HPs)
             Began as a Demigod Ice Elementalist on Nov 12, 2020.
             Shot with an arrow by a centaur (9 damage)
             ... on level 4 of the Dungeon.
             The game lasted 00:16:59 (3801 turns).

dracfodder the Chiller (Demigod Ice Elementalist)   Turns: 3801, Time: 00:17:00

Health: -3/39      AC:  3    Str: 11    XL:     5   Next: 44%
Magic:  19/22      EV: 13    Int: 21    God:
Gold:   134        SH:  0    Dex: 16    Spells: 4/11 levels left

rFire    . . .     SeeInvis .   b - +0 hunting sling
rCold    . . .     Faith    .   (no shield)
rNeg     . . .     Spirit   .   n - +0 robe
rPois    .         Reflect  .   (no helmet)
rElec    .         Harm     .   (no cloak)
rCorr    .         Rampage  .   (no gloves)
MR       .....                  q - +0 pair of boots
Stlth    ++........             (no amulet)
HPRegen  0.13/turn              h - ring of magical power
MPRegen  0.18/turn              (no ring)

@: frozen ramparts
A: high mp 1
a: no special abilities


You were on level 4 of the Dungeon.
You visited 1 branch of the dungeon, and saw 4 of its levels.

You collected 134 gold pieces.

Inventory:

Hand Weapons
 a - a +2 dagger of venom
 b - a +0 hunting sling (weapon)
Missiles
 e - 43 stones (quivered)
 i - 92 sling bullets
 k - 6 javelins
 l - 24 arrows
 m - 25 bolts
Armour
 n - a +0 robe (worn)
 q - a +0 pair of boots (worn)
Jewellery
 c - a +4 ring of protection {unknown}
 h - a ring of magical power (left hand)
Wands
 s - a wand of random effects (14)
Scrolls
 d - 5 scrolls of identify
 g - a scroll of amnesia
 o - a scroll of magic mapping {unknown}
 r - a scroll of teleportation
Potions
 f - a potion of flight
 j - 2 potions of might {unknown}
 p - 2 potions of invisibility {unknown}
 t - 2 potions of degeneration {unknown}


   Skills:
 + Level 0.3 Fighting
 + Level 0.7(0.9) Slings
 + Level 0.7(0.9) Throwing
 + Level 2.2 Dodging
 + Level 2.0 Stealth
 * Level 3.8 Spellcasting
 + Level 4.6 Ice Magic
 + Level 0.1 Evocations


You had 4 spell levels left.
You knew the following spells:

 Your Spells              Type           Power        Failure   Level
a - Freeze                Ice            ###.         1%          1
b - Frozen Ramparts       Ice            ###...       5%          3
c - Ozocubu's Armour      Ice            ###.....     5%          3

Your spell library contained the following spells:

 Spells                   Type           Power        Failure   Level
 Hailstorm                Conj/Ice       ##......     43%         4
 Summon Ice Beast         Ice/Summ       ##......     43%         4


Dungeon Overview and Level Annotations

Branches:
Dungeon (4/15)
 Temple: D:4-7


Innate Abilities, Weirdness & Mutations

You have an increased reservoir of magic. (+10% MP)


Message History

The wall freezes the centaur.
The centaur shoots an arrow.
The arrow hits you!!
The leopard gecko hisses angrily.
You are too injured to fight recklessly!
You are too injured to fight recklessly!
You are too injured to fight recklessly!
You are too injured to fight recklessly!
Firing (i - inventory. (/) - cycle)
e - 44 stones (quivered)
Press: ? - help, Shift-Dir - straight line, f/p - centaur
Aim: a centaur, quivering 7 arrows (moderately wounded)
You shoot a stone. The stone closely misses the centaur.
The wall freezes the centaur.
The centaur hits you.
The wall freezes the centaur.
The centaur shoots an arrow.
The arrow misses you.
The wall freezes the centaur.
The centaur hits you.
* * * LOW HITPOINT WARNING * * *
The wall freezes the centaur.
The centaur shoots an arrow.
The arrow hits you.
* * * LOW HITPOINT WARNING * * *
The wall freezes the centaur.
The centaur wields a +0 shortbow.
The centaur shoots an arrow.
The arrow hits you but does no damage.
The wall freezes the centaur.
The centaur shoots an arrow.
The arrow hits you!
You die...

#...#
########...#
.......#...#
#.....## .
.####..##.###..
#........#......
...###.#(...## #
#.(....#
###@##.# #(# .#
#..c....#
....##.##..#
.....# .c .#
##.#. l.. # .
:#.. . .#.#. ..
..##..


You could see 2 centaurs and a leopard gecko.

Vanquished Creatures
  A bullfrog (D:2)
  A hound (D:4)
  Robin (D:2)
  An adder (D:3)
  An ooze (D:1)
  2 worms (D:2)
  3 dart slugs
  3 leopard geckos (D:3)
  8 orcs
  13 bats
  5 giant cockroaches
  11 goblins
  7 hobgoblins
  6 jackals
  9 kobolds
  4 ball pythons
  8 frilled lizards
  A leopard gecko skeleton (D:4)
  A quokka skeleton (D:3)
  9 rats
95 creatures vanquished.

Notes
Turn   | Place    | Note
-------+----------+-------------------------------------------
     0 | D:1      | dracfodder the Demigod Ice Elementalist began the quest for
                  | the Orb.
     0 | D:1      | Reached XP level 1. HP: 14/14 MP: 5/5
   160 | D:1      | Reached skill level 4 in Ice Magic
   160 | D:1      | Reached XP level 2. HP: 20/20 MP: 2/7
  1398 | D:1      | Reached XP level 3. HP: 26/26 MP: 4/8
  1800 | D:2      | Learned a level 3 spell: Frozen Ramparts
  1926 | D:2      | Noticed a bullfrog
  1934 | D:2      | Killed a bullfrog
  1934 | D:2      | Reached XP level 4. HP: 27/33 MP: 11/11
  2115 | D:2      | Noticed Robin
  2134 | D:2      | Killed Robin
  2878 | D:3      | Reached XP level 5. HP: 35/38 MP: 13/13
  2890 | D:3      | Learned a level 3 spell: Ozocubu's Armour
  3794 | D:4      | Noticed a centaur
  3795 | D:4      | Noticed a centaur
  3801 | D:4      | Shot with an arrow by a centaur

Illustrated notes

Levels and vault maps discovered:
D:1:      sevenhm_arrival_forest_fort_large_2, layout_basic, minmay_tripent
D:2:      layout_rooms, serial_glass, glass_columns_b, glass_columns_c,
          uniq_robin
D:3:      layout_loops_ring, minmay_puff
D:4:      layout_loops_cross, kennysheep_little_box, old_standard_altar,
          serial_shops, shop, minmay_manual_mares, uniq_eustachio,
          uniq_blork_the_orc

Skill      XL: |  1  2  3  4 |
---------------+-------------+-----
Ice Magic      | 4 |  4.6
Spellcasting   | 2 3 |  3.8
Stealth        | 2 |  2.0
Dodging        | 2 |  2.2
Fighting       | |  0.3
Slings         | |  0.7
Throwing       | |  0.7
Evocations     | |  0.1

Action                   |  1- 3 |  4- 6 || total
-------------------------+-------+-------++-------
Melee: Club              |     8 |     7 ||    15
 Fire: Hunting sling     |       |    75 ||    75
Throw: Stone             |    17 |    10 ||    27
 Cast: Freeze            |    46 |    25 ||    71
       Frozen Ramparts   |     2 |    10 ||    12
Evoke: Wand              |       |     2 ||     2
  Use: Scroll            |       |     5 ||     5
Armor: Robe              |     6 |    12 ||    18
Dodge: Dodged            |    33 |    31 ||    64

Table legend: (Time is in decaauts)
 A = Elapsed time spent in this place.
 B = Non-inter-level travel time spent in this place.
 C = Inter-level travel time spent in this place.
 D = Time resting spent in this place.
 E = Time spent auto-exploring this place.
 F = Levels seen in this place.
 G = Mean time per level.
                   A        B        C        D        E       F      G
               +--------+--------+--------+--------+--------+-----+--------+
         Total |   3817 |   3663 |    154 |   1013 |   1775 |   4 |  954.2 |
       Dungeon |   3817 |   3663 |    154 |   1013 |   1775 |   4 |  954.2 |
               +--------+--------+--------+--------+--------+-----+--------+

Top non-repeatable levels by time:
     D:1: 1776 daAuts
     D:3: 1088 daAuts
     D:2: 862 daAuts
     D:4: 90 daAuts
